 Dungeon Crawl Stone Soup version 0.28-a0-938-gbc3f381ebc (webtiles) character file.

Game seed: 15332831301001533446

3384 enile the Fighter (level 10, -2/72 HPs)
             Began as an Octopode Brigand on Nov 30, 2021.
             Was an Initiate of Gozag.
             Slain by a two-headed ogre (19 damage)
             ... on level 8 of the Dungeon.
             The game lasted 00:33:54 (9924 turns).

enile the Fighter (Octopode Brigand)                Turns: 9924, Time: 00:33:54

Health: -2/72      AC:  1    Str: 12    XL:     10   Next: 4%
Magic:  10/13      EV: 14    Int: 13    God:    Gozag
Gold:   236        SH:  0    Dex: 13    Spells: 7/13 levels left

rFire   x . .      SeeInvis +   d - +3 short sword (flame)
rCold   + . .      Faith    .   (no shield)
rNeg    + . .      Spirit   .   (helmet restricted)
rPois   .          Reflect  .   (no amulet)
rElec   .          Harm     .   q - ring of positive energy
rCorr   .          Rampage  .   u - ring of see invisible
Will    +....                   x - ring of ice
Stlth   +++++.....              p - ring of Erhiares {Wiz Dex-3 Slay+2 SInv Stlth+}
HPRegen 0.22/turn               w - ring of willpower
MPRegen 0.13/turn               (no ring)
                                (no ring)
                                (no ring)

@: no status effects
A: almost no armour, amphibious, 8 rings, camouflage 1, gelatinous body 1,
(nimble swimmer 1), tentacles
a: Renounce Religion, Potion Petition, Call Merchant, Bribe Branch


You were on level 8 of the Dungeon.
You worshipped Gozag.
Gozag was aware of your devotion.
You visited 2 branches of the dungeon, and saw 9 of its levels.
You also visited: Bailey.

You collected 1763 gold pieces.
You spent 1502 gold pieces at shops.
You paid 25 gold pieces to Gozag.

Inventory:

Hand Weapons
 a - a +2 dagger
 d - a +3 short sword of flaming (weapon)
 r - a +1 flail of draining
 s - a +1 dagger of holy wrath
 y - a +0 giant club
Missiles
 b - 38 poisoned darts
 c - 6 curare-tipped darts
 j - 78 boomerangs
Jewellery
 p - the ring of Erhiares (on tentacle) {Wiz Dex-3 Slay+2 SInv Stlth+}
   (You acquired it on level 6 of the Dungeon)

   [ring of wizardry]

   It improves your spell success rate.
   Dex:       It affects your dexterity (-3).
   Slay:      It affects your accuracy & damage with ranged weapons and melee
   (+2).
   SInv:      It lets you see invisible.
   Stlth:     It makes you more stealthy.
 q - a ring of positive energy (left tentacle)
 u - a ring of see invisible (right tentacle)
 w - a ring of willpower (on tentacle)
 x - a ring of ice (on tentacle)
 z - a ring of wizardry
Scrolls
 e - a scroll of holy word
 g - a scroll of enchant armour
 h - a scroll of immolation {unknown}
 k - 2 scrolls of noise
 v - a scroll of magic mapping
 A - a scroll of torment {unknown}
 B - 2 scrolls of teleportation
 C - a scroll of blinking {unknown}
 D - a scroll of enchant weapon
Potions
 f - 3 potions of degeneration {unknown}
 i - 4 potions of heal wounds {unknown}
 m - 4 potions of curing
 n - a potion of brilliance
 o - 2 potions of flight {unknown}
 t - a potion of might {unknown}
Miscellaneous
 l - a phial of floods (inert)


   Skills:
 - Level 8.1 Fighting
 - Level 5.0 Short Blades
 - Level 4.0 Throwing
 - Level 4.0 Dodging
 - Level 7.0 Stealth
 - Level 2.0 Spellcasting
 + Level 6.7 Hexes
 - Level 4.0 Ice Magic


You had 7 spell levels left.
You knew the following spells:

 Your Spells              Type           Power      Damage    Failure   Level
a - Ensorcelled Hibernat  Hex/Ice        44%        N/A       1%          2
b - Tukima's Dance        Hex            18%        N/A       1%          3
c - Slow                  Hex            72%        N/A       1%          1

Your spell library contained the following spells:

 Spells                   Type           Power      Damage    Failure   Level
 Freeze                   Ice            68%        1d8       1%          1
 Confusing Touch          Hex            18%        N/A       1%          3
 Frozen Ramparts          Ice            34%        1d5       6%          3
 Animate Skeleton         Necr           2%         N/A       11%         1
 Pain                     Necr           4%         1d4       11%         1
 Corpse Rot               Necr/Air       2%         N/A       16%         2
 Poisonous Vapours        Pois/Air       2%         N/A       16%         2
 Scorch                   Fire           2%         2d5       16%         2
 Vampiric Draining        Necr           1%         2d6       28%         3
 Hailstorm                Conj/Ice       9%         3d4       38%         4
 Yara's Violent Unravell  Hex/Tmut       5%         3d4       54%         5
 Flame Wave               Conj/Fire      1%         2d4       65%         4
 Summon Cactus Giant      Summ           0%         N/A       100%        6


Dungeon Overview and Level Annotations

Branches:
Dungeon (8/15)             Temple (1/1) D:4          Bailey (visited)
   Lair: D:8-11

Altars:
Elyvilon
Fedhas
Gozag
Hepliaklqana
Kikubaaqudgha
Makhleb
Nemelex Xobeh
Okawaru
Qazlal
Ru
Sif Muna
Trog
Uskayaw
Wu Jian
Xom
Yredelemnul
The Shining One

Shops:
D:4 =   D:6 ((?[*

Annotations:
D:4 3 runed translucent doors, Strat's ghost, amateur DsBr


Innate Abilities, Weirdness & Mutations

You cannot wear most types of armour.
You are amphibious.
You can wear up to eight rings at the same time.
Your skin changes colour to match your surroundings (Stealth+).
Your rubbery body absorbs attacks. (AC +1, EV +1)
((You are camouflaged near water. (Stealth+)))
You have tentacles for arms and can constrict up to eight enemies at once.


Message History

Confirm with . or Enter, or press ? or * to list all spells.
Aiming: Slow (safe; 1% risk of failure)
Press: ? - help, Shift-Dir - straight line, f/p - two-headed ogre
Aim: a two-headed ogre, wielding two +0 giant clubs (severely wounded, chance to affect: 38%)
Okay, then.
The two-headed ogre closely misses you.
The two-headed ogre hits you with a +0 giant club!!
Casting: Slow (safe; 1% risk of failure)
Confirm with . or Enter, or press ? or * to list all spells.
Aiming: Tukima's Dance (safe; 1% risk of failure)
Press: ? - help, Shift-Dir - straight line, f/p - two-headed ogre
Aim: a two-headed ogre, wielding two +0 giant clubs (severely wounded, chance to affect: 31%)
The two-headed ogre easily resists.
You see here a +0 robe.
There is a stone staircase leading up here.
The two-headed ogre hits you with a +0 giant club!!
The two-headed ogre closely misses you.
Okay, then.
Okay, then.
Casting: Tukima's Dance (safe; 1% risk of failure)
Confirm with . or Enter, or press ? or * to list all spells.
Aiming: Slow (safe; 1% risk of failure)
Press: ? - help, Shift-Dir - straight line, f/p - two-headed ogre
Aim: a two-headed ogre, wielding two +0 giant clubs (heavily wounded, chance to affect: 38%)
The two-headed ogre resists with some effort.
The two-headed ogre hits you with a +0 giant club!
* * * LOW HITPOINT WARNING * * *
The two-headed ogre closely misses you.
Okay, then.
Aim the phial where?
Press: ? - help, Shift-Dir - straight line, f/p - two-headed ogre
Aim: a two-headed ogre, wielding two +0 giant clubs (heavily wounded)
The torrent of water misses the two-headed ogre.
The wave splashes down.
Floosh!
The two-headed ogre is engulfed in water.
You hear a shout!
The two-headed ogre hits you with a +0 giant club!!
You die...
Your body crumbles into a pile of gold.

#.##.###.###................
###....#..###....###........
##....#≈≈###...#####.......
#.......≈≈≈≈...# #.........
###.....≈≈≈##..# #.........
#####...#..######..###.........
###.......#...## #..###..........
#.........#....###....#..##......
#..###.........O@.......###......
#..+_[...##.......##.##.# ###....
#..###..#####......####.#####....
#......## #.......###..#..#.....
#......# #....................#
######## #........##...........
##.##.#######......... ###...#.##
##........ #.......###.....#..#


You could see a two-headed ogre (waterlogged).

Vanquished Creatures
  A komodo dragon (D:7)
  2 hornets
  Grinder (D:6)
  Sigmund (D:5)
  A water moccasin (D:7)
  5 orc warriors
  An ice beast (D:6)
  2 ogres (D:5)
  A phantom (D:5)
  4 bullfrogs
  4 wights
  A howler monkey (D:5)
  A centaur zombie (D:5)
  5 hounds
  A jelly (D:6)
  An orc priest (D:5)
  Jessica (D:2)
  3 gnoll shamans
  4 orc wizards (D:6)
  2 iguanas
  A killer bee zombie (D:5)
  16 gnolls
  9 adders
  A shadow imp (D:7)
  A white imp (D:6)
  An ufetubus (D:5)
  A worm (D:3)
  3 dart slugs
  17 orcs
  8 ball pythons
  2 bats
  4 endoplasms
  A giant cockroach (D:2)
  12 goblins
  8 hobgoblins
  6 jackals
  4 quokkas
  26 kobolds
  2 rats (D:1)
  A spectral hobgoblin (D:1)
166 creatures vanquished.

Vanquished Creatures (collateral kills)
  An orc warrior (Bailey)
  2 gnolls (D:6)
  5 orcs
8 creatures vanquished.

Vanquished Creatures (others)
  6 dancing weapons
  2 plants (D:6)
8 creatures vanquished.

Grand Total: 182 creatures vanquished

Notes
Turn   | Place    | Note
-------+----------+-------------------------------------------
     0 | D:1      | enile the Octopode Brigand began the quest for the Orb.
     0 | D:1      | Reached XP level 1. HP: 14/14 MP: 1/1
   156 | D:1      | Reached XP level 2. HP: 19/19 MP: 2/2
   299 | D:1      | Found a faded altar of an unknown god.
   754 | D:2      | Reached XP level 3. HP: 25/25 MP: 3/3
   793 | D:2      | Reached skill level 3 in Fighting
  1176 | D:4      | Found a staircase to the Ecumenical Temple.
  1187 | Temple   | Entered the Ecumenical Temple
  1229 | Temple   | Became a worshipper of Gozag Ym Sagoz the Greedy
  1308 | D:2      | Noticed Jessica
  1327 | D:2      | Killed Jessica
  1328 | D:2      | Reached XP level 4. HP: 27/31 MP: 4/4
  2042 | D:3      | Found a sparkling altar of Nemelex Xobeh.
  2074 | D:3      | Reached XP level 5. HP: 36/36 MP: 5/5
  2712 | D:4      | Found a runed translucent gate.
  2712 | D:4      | Found a runed translucent gate.
  2712 | D:4      | Found a runed translucent gate.
  2908 | D:4      | Reached skill level 4 in Fighting
  2908 | D:4      | Reached XP level 6. HP: 21/43 MP: 6/6
  3247 | D:4      | Found Qohufis's Jewellery Shoppe.
  3472 | D:4      | Bought a ring of see invisible for 210 gold pieces
  3649 | D:4      | Noticed Strat's ghost (amateur DsBr)
  3673 | D:5      | Entered Level 5 of the Dungeon
  3874 | D:5      | Reached XP level 7. HP: 38/48 MP: 7/7
  3980 | D:5      | Reached skill level 5 in Short Blades
  3992 | D:5      | Learned a level 2 spell: Ensorcelled Hibernation
  4142 | D:5      | Reached skill level 1 in Hexes
  4283 | D:5      | Reached skill level 1 in Ice Magic
  4441 | D:5      | Noticed Sigmund
  4472 | D:5      | Killed Sigmund
  4473 | D:5      | Reached XP level 8. HP: 42/54 MP: 3/8
  4614 | D:5      | Reached skill level 1 in Spellcasting
  5271 | D:6      | Found Kept's Magic Scroll Boutique.
  5276 | D:6      | Learned a level 3 spell: Tukima's Dance
  5284 | D:6      | Bought a scroll of identify for 30 gold pieces
  5284 | D:6      | Bought a scroll of teleportation for 45 gold pieces
  5290 | D:6      | Found Inerchyck's Weapon Emporium.
  5297 | D:6      | Bought 13 poisoned darts for 62 gold pieces
  5376 | D:6      | Found Xirchymoy's General Store.
  5440 | D:6      | Bought 3 curare-tipped darts for 25 gold pieces
  5657 | D:6      | Reached skill level 5 in Fighting
  6205 | D:6      | Found Nezumul's Weapon Shoppe.
  6208 | D:6      | Noticed Grinder
  6232 | D:6      | Paralysed by Grinder for 4 turns
  6361 | D:6      | Learned a level 1 spell: Slow
  6387 | D:6      | Killed Grinder
  6672 | D:6      | Found Zery's Antique Armour Emporium.
  6909 | D:7      | Found a flagged portal.
  7036 | Bailey   | Entered a bailey
  7424 | Bailey   | Reached XP level 9. HP: 22/61 MP: 1/12
  7685 | Bailey   | Reached skill level 6 in Fighting
  7990 | D:6      | Bought a scroll of acquirement for 780 gold pieces
  7990 | D:6      | Acquired the ring of Erhiares {Wiz Dex-3 Slay+2 SInv
                  | Stlth+}
  8022 | D:7      | Noticed a komodo dragon
  8046 | D:7      | Killed a komodo dragon
  8047 | D:7      | Reached skill level 7 in Fighting
  8487 | D:4      | Bought a ring of willpower for 350 gold pieces
  8618 | D:7      | Reached skill level 8 in Fighting
  9020 | D:7      | Noticed a hornet
  9030 | D:7      | Killed a hornet
  9031 | D:7      | Reached skill level 5 in Hexes
  9500 | D:8      | Found a hide-covered altar of Uskayaw.
  9529 | D:8      | Noticed a hornet
  9531 | D:8      | Killed a hornet
  9532 | D:8      | Reached XP level 10. HP: 72/72 MP: 13/13
  9555 | D:8      | Noticed a tengu warrior
  9556 | D:8      | Noticed a two-headed ogre
  9869 | D:8      | Found a stormy altar of Qazlal.
  9924 | D:8      | Slain by a two-headed ogre

Illustrated notes

Levels and vault maps discovered:
D:1:      wander_arrival_peaceful_grave, layout_basic,
          dreamdust_ecumenical_altar_drowned_temple
D:2:      layout_loops_ring, serial_glass, glass_columns_a, glass_columns_a,
          glass_columns_a, glass_columns_a, feat_on_display, feat_on_display,
          minmay_strange_pillars, item_on_display_a, uniq_jessica
D:3:      layout_loops_ring, overflow_temple_1_default, corexii_hall_statues_u,
          dk_noncrumbling_2
D:4:      layout_loops_ring, minmay_temple_entry_waves, serial_shops, shop,
          gammafunk_ghost_necromancy, grunt_ministairs_12
D:5:      layout_loops_cross, sigmund_army
D:6:      layout_cave_pods, serial_shops, shop, nicolae_shop_crystal,
          nicolae_shop_bloodbath_and_beyond, nicolae_shop_behind_doors, shop,
          serial_bayou_crossing, uniq_grinder
D:7:      layout_cave_pods, enter_bailey_5, minmay_misc_feat_hallway,
          minmay_misc_feat_alley
D:8:      layout_cave_pools, kennysheep_mini_moat, overflow_temple_1_default,
          gammafunk_ghost_split, uniq_pikel
Temple:   mainiacjoe_temple_coin_purse

Skill      XL: |  1  2  3  4  5  6  7  8  9 |
---------------+----------------------------+-----
Short Blades   | 3 4 5 |  5.0
Fighting       | 3 4 5 8 |  8.1
Dodging        | 2 3 4 |  4.0
Stealth        | 6 7 |  7.0
Throwing       | 3 4 |  4.0
Hexes          | 3 4 6 |  6.7
Ice Magic      | 3 4 |  4.0
Spellcasting   | 2 |  2.0

Action                   |  1- 3 |  4- 6 |  7- 9 | 10-12 || total
-------------------------+-------+-------+-------+-------++-------
Melee: Short sword       |    41 |    90 |   182 |    15 ||   328
       Constrict         |     9 |    19 |    32 |     3 ||    63
       Dagger            |     1 |       |       |       ||     1
       Tentacles         |     4 |    16 |    32 |       ||    52
Throw: Dart              |       |     9 |    81 |       ||    90
       Boomerang         |       |       |    21 |       ||    21
 Cast: Ensorcelled Hiber |       |       |    14 |     2 ||    16
       Tukima's Dance    |       |       |    19 |     7 ||    26
       Slow              |       |       |       |     1 ||     1
Evoke: Phial of floods   |       |       |       |     1 ||     1
  Use: Scroll            |       |       |    11 |       ||    11
       Potion            |       |       |     3 |       ||     3
 Stab: Sleeping          |    10 |    13 |    21 |     2 ||    46
       Distracted        |     1 |     1 |     2 |       ||     4
Armor: Skin              |     3 |     2 |     5 |       ||    10
Dodge: Dodged            |    23 |    41 |   143 |     7 ||   214

Table legend: (Time is in decaauts)
 A = Elapsed time spent in this place.
 B = Non-inter-level travel time spent in this place.
 C = Inter-level travel time spent in this place.
 D = Time resting spent in this place.
 E = Time spent auto-exploring this place.
 F = Levels seen in this place.
 G = Mean time per level.
                   A        B        C        D        E       F      G
               +--------+--------+--------+--------+--------+-----+--------+
         Total |   9878 |   9390 |    488 |   1090 |   6455 |  10 |  987.8 |
       Dungeon |   8901 |   8421 |    480 |    647 |   6350 |   8 | 1112.6 |
        Temple |     58 |     50 |      8 |      0 |      7 |   1 |   58.0 |
        Bailey |    917 |    917 |      0 |    443 |     98 |   1 |  917.0 |
               +--------+--------+--------+--------+--------+-----+--------+

Top non-repeatable levels by time:
     D:6: 1686 daAuts
     D:5: 1630 daAuts
     D:7: 1427 daAuts
     D:3: 1216 daAuts
  Bailey: 917 daAuts
     D:4: 896 daAuts
     D:2: 808 daAuts
     D:1: 742 daAuts
     D:8: 493 daAuts
  Temple: 58 daAuts
